 Dungeon Crawl Stone Soup version 0.18-a0-9-gd4dcb6f (webtiles) character file.

1080 vergilfromua the Cutter (level 8, 0/63 HPs)
             Began as a Yellow Draconian Abyssal Knight on Nov 1, 2015.
             Was an Elder of Lugonu.
             Hit by a tomahawk thrown by an orc warrior (18 damage)
             ... on level 7 of the Dungeon.
             The game lasted 00:12:29 (6877 turns).

vergilfromua the Cutter (DrAK)                      Turns: 6877, Time: 00:12:29

Health: 0/63       AC:  7    Str: 14    XL:     8   Next: 8%
Magic:  12/12      EV: 12    Int: 13    God:    Lugonu [****..]
Gold:   194        SH:  0    Dex: 13    Spells: 0 memorised, 7 levels left

rFire  . . .     SeeInvis .     a - +3 short sword
rCold  + . .     Clarity  .     (armour unavailable)
rNeg   . . .     SustAt   .     (no shield)
rPois  +         Gourm    .     (helmet restricted)
rElec  .         Spirit   .     o - +0 cloak
rCorr  +         Warding  .     (no gloves)
rMut   .         Stasis   .     (no boots)
MR     .....                    (no amulet)
Stlth  +.........               i - ring of protection from cold
                                h - ring of poison resistance

@: not resistant to hostile enchantments, very unstealthy
A: spit acid, acid resistance, unfitting armour, cold-blooded, AC +6
a: Spit Acid, Depart the Abyss, Bend Space, Banish, Corrupt, Renounce Religion


You were on level 7 of the Dungeon.
You worshipped Lugonu.
Lugonu was greatly pleased with you.
You were not hungry.

You visited 1 branch of the dungeon, and saw 7 of its levels.
You visited the Abyss 1 time.

You collected 438 gold pieces.
You spent 244 gold pieces at shops.

Inventory:

Hand Weapons
 a - a +3 short sword (weapon)
Armour
 o - a +0 cloak (worn)
Jewellery
 h - a ring of poison resistance (left hand)
 i - a ring of protection from cold (right hand)
 k - an uncursed ring of sustain attributes
 n - an uncursed amulet of warding {unknown}
Wands
 r - a wand of digging (13)
Scrolls
 c - 2 scrolls of amnesia
 e - a scroll of enchant weapon
 y - a scroll of remove curse {unknown}
Potions
 f - 2 potions of heal wounds
 g - 6 potions of curing
 j - a potion of brilliance
 l - 2 potions of agility
 p - a potion of haste
 q - a potion of degeneration {unknown}
 s - a potion of cancellation
 u - 2 potions of ambrosia {unknown}
 v - a potion of lignification {unknown}
 w - a potion of cure mutation {unknown}
Books
 t - a book of the Warp

   Spells                             Type                      Level
   a - Recall                         Summoning/Translocation      3
   b - Gell's Gravitas                Hexes/Translocation          3
   c - Force Lance                    Conjuration/Translocation    4
   d - Phase Shift                    Translocation                5
   e - Warp Weapon                    Charms/Translocation         5
   f - Summon Forest                  Summoning/Translocation      5
Comestibles
 b - 5 bread rations
 d - 5 fruits
 m - 4 meat rations
 x - a chunk of flesh


   Skills:
 - Level 3.2 Fighting
 * Level 7.9 Short Blades
 - Level 2.1 Dodging
 + Level 6.3 Invocations


You had 7 spell levels left.
You didn't know any spells.

Dungeon Overview and Level Annotations

Branches:
Dungeon (7/15)             Temple (0/1) D:5

Altars:
Ashenzari
Dithmenos
Gozag
Kikubaaqudgha
Makhleb
Ru
Yredelemnul

Shops:
D:5 *


Innate Abilities, Weirdness & Mutations

You can spit globs of acid.
You are resistant to acid.
Your golden yellow scales are hard (AC +6).
Your body does not fit into most forms of armour.
You are cold-blooded and may be slowed by cold attacks.


Message History

The orc warrior hits you with a scimitar!
You barely miss the orc warrior.
You tail-slap the orc warrior, but do no damage.
The orc warrior is moderately wounded.
The orc warrior barely misses you.
You barely miss the orc warrior.
You tail-slap the orc warrior, but do no damage.
The orc warrior is moderately wounded.
You hit the orc warrior but do no damage.
The orc warrior is moderately wounded.
The orc warrior hits you with a scimitar!!
You hit the orc warrior but do no damage.
The orc warrior is moderately wounded.
You barely miss the orc warrior.
You tail-slap the orc warrior, but do no damage.
The orc warrior is moderately wounded.
The orc warrior hits you with a scimitar!
* * * LOW HITPOINT WARNING * * *
The orc warrior throws a tomahawk.
The tomahawk hits you!!
You die...

# # # # # ####### .......
#########################
#....oo.@...............#
#.##.###.##############.#
# #.# #.# #.# #.# #.# #..
#.# ### #.# #.#


You could see an orc warrior and an orc.

Vanquished Creatures
  An ogre (D:4)
  A centaur (D:6)
  A scorpion (D:5)
  A hound (D:4)
  3 vampire bats (D:2)
  A jelly (D:6)
  4 crimson imps
  An iguana (D:4)
  Crazy Yiuf (D:2)
  A centaur skeleton (D:6)
  3 orc wizards
  5 worker ants
  A worker ant zombie (D:6)
  10 adders
  4 gnolls (D:4)
  A shadow imp (D:6)
  An adder zombie (D:5)
  An ooze (D:6)
  An adder skeleton (D:6)
  9 orcs
  A bat skeleton (D:2)
  3 bat zombies (D:2)
  5 giant cockroaches
  8 goblins
  4 hobgoblins
  6 jackals
  7 quokkas
  2 ball pythons
  A ball python skeleton (D:4)
  8 bats
  8 giant geckos
  8 giant newts
  2 jackal skeletons
  5 kobolds
  12 rats
131 creatures vanquished.

Vanquished Creatures (others)
  A jelly (D:5)
1 creature vanquished.

Grand Total: 132 creatures vanquished

Notes
Turn   | Place    | Note
--------------------------------------------------------------
     0 | Abyss:1  | vergilfromua the Draconian Abyssal Knight began the quest for the Orb.
     0 | Abyss:1  | Reached XP level 1. HP: 19/19 MP: 2/2
    59 | Abyss:1  | Found a corrupted altar of Lugonu.
   115 | Abyss:1  | Noticed a death knight
   118 | Abyss:1  | Noticed a large abomination
   118 | D:1      | Escaped the Abyss
   281 | D:1      | Reached * piety under Lugonu
   513 | D:1      | Reached XP level 2. HP: 21/26 MP: 3/3
  1182 | D:2      | Found a faded altar to an unknown god.
  1234 | D:2      | Reached XP level 3. HP: 25/31 MP: 5/5
  1235 | D:2      | Reached ** piety under Lugonu
  1349 | D:2      | Found an ancient bone altar of Kikubaaqudgha.
  1349 | D:2      | Noticed a vampire bat
  1349 | D:2      | Noticed a vampire bat
  1351 | D:2      | Killed a vampire bat
  1351 | D:2      | Reached XP level 4. HP: 34/38 MP: 6/6
  1355 | D:2      | Noticed a vampire bat
  1364 | D:2      | Killed a vampire bat
  1364 | D:2      | Reached skill level 4 in Short Blades
  1374 | D:2      | Killed a vampire bat
  1374 | D:2      | Reached XP level 5. HP: 40/45 MP: 7/7
  1820 | D:2      | Found a burning altar of Makhleb.
  1966 | D:2      | Noticed Crazy Yiuf
  1974 | D:2      | Killed Crazy Yiuf
  2139 | D:3      | Reached skill level 5 in Short Blades
  2498 | D:4      | Reached *** piety under Lugonu
  2840 | D:4      | Found a shadowy altar of Dithmenos.
  2977 | D:4      | Reached XP level 6. HP: 24/51 MP: 9/9
  3245 | D:4      | Noticed an ogre
  3259 | D:4      | Killed an ogre
  3259 | D:4      | Reached skill level 5 in Invocations
  3586 | D:4      | Reached skill level 6 in Short Blades
  3845 | D:5      | Entered Level 5 of the Dungeon
  3848 | D:5      | Found Nil Qero's Assorted Antiques.
  3866 | D:5      | Bought a large onyx ring for 125 gold pieces
  3866 | D:5      | Bought an amethyst potion for 22 gold pieces
  3866 | D:5      | Bought a scroll of identify for 50 gold pieces
  3866 | D:5      | Bought a scroll labeled NOACKO AXAO for 25 gold pieces
  3866 | D:5      | Bought a white potion for 22 gold pieces
  3971 | D:5      | Your scales start taking on a golden yellow colour.
  3971 | D:5      | Reached XP level 7. HP: 20/57 MP: 10/10
  4225 | D:5      | Found a basalt altar of Yredelemnul.
  4245 | D:5      | Found a staircase to the Ecumenical Temple.
  4314 | D:5      | Found an opulent altar of Gozag.
  5441 | D:6      | Found a shattered altar of Ashenzari.
  5762 | D:6      | Reached skill level 7 in Short Blades
  5953 | D:6      | Reached **** piety under Lugonu
  6182 | D:6      | Found a sacrificial altar of Ru.
  6314 | D:6      | Reached XP level 8. HP: 43/63 MP: 12/12
  6877 | D:7      | Hit by a tomahawk thrown by an orc warrior

Vault maps used:
D:1:      onia_arrival_larder
D:2:      lightli_temple_of_fire, kennysheep_vampire_church, ecumenical_altar_1,
          hangedman_glass_teeth, solitary_fountain, uniq_crazy_yiuf_cottage
D:3:      first_bread, grunt_decor_mini_mirrors
D:4:      lemuel_doored_altar
D:5:      lemuel_coloured_pillars_altar, minmay_temple_entry_enclosed_plants,
          serial_shops, shop_statue, minmay_statues_item,
          grunt_gozag_breadcrumbs
D:6:      lemuel_round_altar, ashenzari_altar_1
D:7:      old_standard_altar, lemuel_round_altar, st_stairs_7

Action                   |  1- 3 |  4- 6 |  7- 9 || total
-------------------------+-------+-------+-------++-------
Melee: Short sword       |    93 |   214 |   194 ||   501
Invok: Depart the Abyss  |     1 |       |       ||     1
       Banish            |       |       |     1 ||     1
  Use: Scroll            |     6 |    12 |     1 ||    19
 Stab: Sleeping          |     3 |     2 |     3 ||     8
  Eat: Chunk             |     1 |     7 |     2 ||    10
       Beef jerky        |       |     1 |       ||     1
       Meat ration       |       |       |     2 ||     2
